 Dungeon Crawl Stone Soup version 0.27.0-1-g7a089689b8 (webtiles) character file.

Game seed: 18241114977229589751

50 Naeght the Poker (level 3, 0/28 HPs)
             Began as a Merfolk Gladiator on Aug 17, 2021.
             Slain by a gnoll (5 damage)
             ... on level 3 of the Dungeon.
             The game lasted 00:02:24 (1561 turns).

Naeght the Poker (Merfolk Gladiator)                Turns: 1561, Time: 00:02:24

Health: 0/28       AC:  5    Str: 14    XL:     3   Next: 79%
Magic:  3/3        EV: 13    Int:  7    God:
Gold:   30         SH:  0    Dex: 16    Spells: 2/2 levels left

rFire    . . .     SeeInvis .   a - +0 trident
rCold    . . .     Faith    .   (no shield)
rNeg     . . .     Spirit   .   b - +0 leather armour
rPois    .         Reflect  .   c - +0 helmet
rElec    .         Harm     .   l - +0 cloak
rCorr    .         Rampage  .   (no gloves)
Will     .....                  (no boots)
Stlth    +.........             (no amulet)
HPRegen  0.09/turn              (no ring)
MPRegen  0.08/turn              (no ring)

@: no status effects
A: (nimble swimmer 2), mertail
a: no special abilities


You were on level 3 of the Dungeon.
You visited 1 branch of the dungeon, and saw 3 of its levels.

You collected 52 gold pieces.
You spent 22 gold pieces at shops.

Inventory:

Hand Weapons
 a - a +0 trident (weapon)
Missiles
 d - 3 throwing nets
 f - 12 poisoned darts (quivered)
Armour
 b - a +0 leather armour (worn)
 c - a +0 helmet (worn)
 l - a +0 cloak (worn)
Scrolls
 e - a scroll of enchant weapon {unknown}
 g - 5 scrolls of identify
 i - a scroll of noise {unknown}
 k - a scroll of amnesia {unknown}
 m - a scroll of torment {unknown}
 o - 4 scrolls of immolation {unknown}
Potions
 h - 2 potions of flight {unknown}
 j - a potion of degeneration {unknown}
 n - a potion of might {unknown}
 p - a potion of brilliance {unknown}


   Skills:
 + Level 2.9 Fighting
 * Level 5.7 Polearms
 - Level 2.0 Throwing
 + Level 4.6 Dodging


You had 2 spell levels left.
You didn't know any spells.
Your spell library was empty.

Dungeon Overview and Level Annotations

Branches:
Dungeon (3/15)

Altars:

Shops:
D:1 ?   D:2 [?*

Annotations:
D:3 1 runed translucent door, Lobster4's ghost, weakling DEAM


Innate Abilities, Weirdness & Mutations

((You are quick and stealthy near water. (Stealth+, EV+, Speed+++)))
Your lower body shifts to a powerful aquatic tail in water.


Message History

The gnoll hits you with a +0 whip. The gnoll closely misses you.
You closely miss the gnoll.
The gnoll is lightly wounded.
The gnoll closely misses you. The gnoll hits you with a +0 flail!
You hit the gnoll.
The gnoll is severely wounded.
The gnoll misses you. The gnoll completely misses you.
You hit the gnoll but do no damage.
The gnoll is severely wounded.
The gnoll hits you with a +0 whip. The gnoll misses you.
You closely miss the gnoll.
The gnoll is severely wounded.
The gnoll misses you. The gnoll hits you with a +0 flail!
* * * LOW HITPOINT WARNING * * *
You are too injured to fight recklessly!
You are too injured to fight recklessly!
You are too injured to fight recklessly!
You are too injured to fight recklessly!
You are too injured to fight recklessly!
You are too injured to fight recklessly!
You are too injured to fight recklessly!
You are too injured to fight recklessly!
You are too injured to fight recklessly!
You are too injured to fight recklessly!
You are too injured to fight recklessly!
You are too injured to fight recklessly!
You are too injured to fight recklessly!
You are too injured to fight recklessly!
You are too injured to fight recklessly!
You are too injured to fight recklessly!
You are too injured to fight recklessly!
You are too injured to fight recklessly!
You are too injured to fight recklessly!
You are too injured to fight recklessly!
You are too injured to fight recklessly!
You are too injured to fight recklessly!
You are too injured to fight recklessly!
You are too injured to fight recklessly!
The gnoll hits you with a +0 whip.
You die...

#.##.###.#
#...## #
#......###
#.........#
#.#######.#
#.# #.# ###.#
#.#.###
#...@.#
#+#.#gg.#
#....#...'...
#....#...#....
#.......## ...
#.......# ..
+.......' #
#.......#
#.......


You could see 2 gnolls.

Vanquished Creatures
  2 worms (D:2)
  3 ball pythons
  4 endoplasms
  2 giant cockroaches (D:1)
  2 goblins (D:2)
  4 hobgoblins
  9 jackals
  A quokka (D:1)
  5 bats
  A frilled lizard (D:2)
  5 kobolds
  2 rats
40 creatures vanquished.

Notes
Turn   | Place    | Note
-------+----------+-------------------------------------------
     0 | D:1      | Naeght the Merfolk Gladiator began the quest for the Orb.
     0 | D:1      | Reached XP level 1. HP: 16/16 MP: 1/1
   170 | D:1      | Reached XP level 2. HP: 23/23 MP: 2/2
   205 | D:1      | Found Addohi's Magic Scroll Emporium.
   436 | D:1      | Reached skill level 5 in Polearms
   752 | D:2      | Found Padwacs's Antique Armour Emporium.
   815 | D:2      | Reached XP level 3. HP: 27/28 MP: 3/3
  1208 | D:2      | Found Vargh's Magic Scroll Shoppe.
  1218 | D:2      | Bought a scroll of identify for 22 gold pieces
  1298 | D:2      | Found Gaegorug's Assorted Antiques.
  1495 | D:3      | Found a runed translucent door.
  1502 | D:3      | Noticed Lobster4's ghost (weakling DEAM)
  1561 | D:3      | Slain by a gnoll

Illustrated notes

Levels and vault maps discovered:
D:1:      elethiomel_arrival_shortcut, layout_loops_ring, serial_shops,
          nicolae_shop_waterfront
D:2:      layout_basic, serial_shops, nicolae_shop_crystal,
          nicolae_diamond_shop, nicolae_shop_behind_doors, solitary_fountain
D:3:      layout_basic, nicolae_yredelemnul_corpse_copse, ebering_ghost_sewer_d,
          minmay_joined_circles

Skill      XL: |  1  2 |
---------------+-------+-----
Polearms       | 5 |  5.7
Fighting       | |  2.9
Throwing       | |  2.0
Dodging        | |  4.6

Action                   || total
-------------------------++-------
Melee: Trident           ||   135
 Stab: Sleeping          ||     4
Armor: Leather armour    ||    36
Dodge: Dodged            ||    81
